 Dungeon Crawl Stone Soup version 0.28.0-53-g5a82cb258f (webtiles) character file.

Game seed: 4589741467125984800

572 styxcanada the Covert (level 7, -5/35 HPs)
             Began as a Spriggan Brigand on June 1, 2022.
             Slain by a gnoll
             ... wielding a +3 flail
              (13 damage)
             ... on level 5 of the Dungeon.
             The game lasted 00:18:57 (4540 turns).

styxcanada the Covert (Spriggan Brigand)            Turns: 4540, Time: 00:18:57

Health: -5/35      AC:  5    Str:  7    XL:     7   Next: 12%
Magic:  8/8        EV: 19    Int: 13    God:
Gold:   1231       SH:  0    Dex: 18    Spells: 6/6 levels left

rFire   . . .      SeeInvis +   a - +2 dagger (vorpal)
rCold   . . .      Faith    .   (no shield)
rNeg    + . .      Spirit   .   p - +2 robe {rN+}
rPois   .          Reflect  .   (helmet restricted)
rElec   .          Harm     .   c - +0 cloak
rCorr   .          Rampage  .   (gloves unavailable)
Will    +....                   (boots unavailable)
Stlth   ++........              f - amulet of regeneration
HPRegen 0.91/turn               (no ring)
MPRegen 0.11/turn               (no ring)

@: lit by a corona, glowing, very quick
A: very small, no large weapons, unfitting armour, see invisible, speed 3
a: no special abilities


You were on level 5 of the Dungeon.
You visited 1 branch of the dungeon, and saw 5 of its levels.

You collected 1231 gold pieces.

Inventory:

Hand Weapons
 a - a +2 vorpal dagger (weapon)
Missiles
 d - 2 poisoned darts (quivered)
 e - a curare-tipped dart
 g - 177 stones
 j - 65 sling bullets
 o - 3 boomerangs
Armour
 c - a +0 cloak (worn)
 p - a +2 robe of positive energy (worn)
Jewellery
 f - an amulet of regeneration (around neck)
 k - an amulet of the acrobat
Wands
 s - a wand of acid (22)
Scrolls
 i - 3 scrolls of enchant weapon {unknown}
Potions
 b - a potion of degeneration {unknown}
 h - a potion of might {unknown}
 t - a potion of haste {unknown}
 u - 3 potions of brilliance {unknown}
 v - 2 potions of lignification {unknown}


   Skills:
 * Level 2.6 Fighting
 + Level 4.2 Short Blades
 + Level 2.5 Throwing
 * Level 4.0 Dodging
 * Level 9.5 Stealth
 * Level 2.4 Evocations


You had 6 spell levels left.
You didn't know any spells.
Your spell library contained the following spells:

 Spells                   Type           Power      Damage    Failure   Level
 Slow                     Hex            0%         N/A       30%         1
 Malign Gateway           Summ/Tloc      0%         N/A       100%        7
 Summon Horrible Things   Summ           0%         N/A       100%        8


Dungeon Overview and Level Annotations

Branches:
Dungeon (5/15)
 Temple: D:4-7

Altars:
Cheibriados
Qazlal
Ru

Shops:
D:4 :([((*

Annotations:
D:5 Pikel


Innate Abilities, Weirdness & Mutations

You are very small and have problems with some larger weapons.
You are too small for most types of armour.
You have supernaturally acute eyesight. (SInv)
You cover ground extremely quickly. (Speed+++)


Message History

You throw a poisoned dart. The poisoned dart hits the gnoll.
The gnoll is poisoned.
Throw: 4 darts (poison)
Press: ? - help, Q - select action, (/) - cycle Shift-Dir - straight line, f/p - gnoll
Aim: a gnoll, wielding a +0 spear (poisoned, 66% to hit)
You throw a poisoned dart. The poisoned dart hits the gnoll.
The gnoll looks even sicker.
The gnoll barely misses you.
Throw: 3 darts (poison)
Press: ? - help, Q - select action, (/) - cycle Shift-Dir - straight line, f/p - gnoll
Aim: a gnoll, wielding a +0 spear (lightly wounded, very poisoned, 66% to hit)
You throw a poisoned dart. The poisoned dart hits the gnoll.
The gnoll is lightly wounded.
The gnoll misses you. The gnoll barely misses you.
You barely miss the gnoll.
The gnoll is moderately wounded.
The gnoll completely misses you.
You closely miss the gnoll.
The gnoll is heavily wounded.
The gnoll hits you from afar with a +0 halberd!
The gnoll misses you.
You hit the gnoll.
The gnoll is severely wounded.
The gnoll hits you from afar with a +0 halberd!
The gnoll completely misses you.
You hit the gnoll.
You kill the gnoll!
The gnoll hits you from afar with a +0 halberd!
* * * LOW HITPOINT WARNING * * *
The gnoll completely misses you.
Things that are here:
a +0 spear; 2 poisoned darts You hit the gnoll.
The gnoll is lightly wounded.
The gnoll misses you.
You hit the gnoll.
The gnoll is heavily wounded.
The gnoll hits you with a +3 flail!
You die...

#........#.#####.#######.
#.######.#.K5...5........ #.#
####.########.######. #.#
#....########..# #.# #.#
#.#..........#.## #.# ######.#
#.#.########.#..# #.# ##...##.#
#.#.#<..# #.##.## #.# ......#.#
#.#.###g####.##..# #.#
##....#.###.#...@g......##.###.##
............######..)...##..##...
.<...........^..........###.##...
##.........#######......# #..#...
...........# #..<...# ##.#...
##.........# #......# #.....
...<#......# ######## ##....
#####.#.######### #....
......#.........# #.>..


You could see 2 gnolls.

Vanquished Creatures
  A sky beast (D:4)
  2 water moccasin skeletons (D:4)
  A bullfrog zombie (D:5)
  A gnoll shaman (D:5)
  2 orc priests (D:4)
  A centaur skeleton (D:4)
  An iguana (D:2)
  An orc wizard (D:4)
  2 hound skeletons (D:4)
  3 adders
  2 gnolls (D:5)
  A shadow imp (D:4)
  An ufetubus (D:5)
  4 dart slugs
  8 orcs
  8 endoplasms
  4 giant cockroaches
  5 goblins
  6 hobgoblins
  4 jackals (D:3)
  7 quokkas
  7 ball pythons
  6 bats
  A frilled lizard (D:2)
  6 kobolds
  A quokka skeleton (D:4)
  6 rats
92 creatures vanquished.

Vanquished Creatures (others)
  4 plants (D:5)
4 creatures vanquished.

Grand Total: 96 creatures vanquished

Notes
Turn   | Place    | Note
-------+----------+-------------------------------------------
     0 | D:1      | styxcanada the Spriggan Brigand began the quest for the
                  | Orb.
     0 | D:1      | Reached XP level 1. HP: 10/10 MP: 2/2
    60 | D:1      | Reached skill level 6 in Stealth
   113 | D:1      | Reached XP level 2. HP: 14/14 MP: 3/3
   398 | D:1      | Reached skill level 7 in Stealth
   607 | D:1      | Reached XP level 3. HP: 18/18 MP: 4/4
   828 | D:1      | Found a faded altar of an unknown god.
   845 | D:1      | Got Plato's Catalogue of Bewitchment
  1169 | D:2      | Reached XP level 4. HP: 23/23 MP: 5/5
  2031 | D:2      | Identified the +2 pair of gloves "Naxkod" {Regen+ Int+2
                  | Slay+2}
  2457 | D:3      | Found a stormy altar of Qazlal.
  2961 | D:3      | Found a snail-covered altar of Cheibriados.
  3068 | D:4      | Found Plog's General Store.
  3136 | D:4      | Noticed a sky beast
  3163 | D:4      | Killed a sky beast
  3164 | D:4      | Reached skill level 8 in Stealth
  3164 | D:4      | Reached skill level 1 in Evocations
  3164 | D:4      | Reached XP level 5. HP: 26/26 MP: 6/6
  3329 | D:4      | Found Naum's Weapon Emporium.
  3368 | D:4      | Reached XP level 6. HP: 30/30 MP: 7/7
  3382 | D:4      | Found Reakluyng's Book Boutique.
  3435 | D:4      | Reached skill level 9 in Stealth
  3532 | D:4      | Found Ywu Cuypo's Antique Armour Boutique.
  3667 | D:4      | Found Ypeonee's Antique Weapon Shop.
  3693 | D:4      | Found Utzounek's Antique Weapon Emporium.
  3723 | D:4      | Identified a scroll of acquirement
  3723 | D:4      | Acquired 1039 gold pieces
  3994 | D:5      | Entered Level 5 of the Dungeon
  4026 | D:5      | Noticed Pikel
  4106 | D:5      | Found a sacrificial altar of Ru.
  4341 | D:5      | Reached XP level 7. HP: 35/35 MP: 8/8
  4540 | D:5      | Slain by a gnoll

Illustrated notes

Levels and vault maps discovered:
D:1:      eino_arrival_cavern_e, layout_basic,
          shapermc_ecumenical_altar_rom_forum
D:2:      layout_loops_ring
D:3:      layout_basic, nicolae_qazlal_general_emergency, cheibriados_altar_1,
          st_stairs_6
D:4:      layout_cave_pools, serial_shops, kennysheep_little_box,
          nicolae_shop_waterfront, nicolae_shop_waterfront, shop_statue,
          nicolae_shop_temple_entry_statues_fountains, amethyst_killhole,
          nicolae_stop_n_shop_2
D:5:      layout_basic, nicolae_ru_path_of_blood, minmay_temple_entry_poolview,
          serial_shops, nicolae_shop_overgrown_old_shop, uniq_pikel

Skill      XL: |  1  2  3  4  5  6  7 |
---------------+----------------------+-----
Stealth        | 6 7 8 9 |  9.5
Dodging        | 2 3 4 |  4.0
Short Blades   | 3 4 |  4.2
Fighting       | 2 |  2.6
Evocations     | 1 2 |  2.4
Throwing       | |  2.5

Action                   |  1- 3 |  4- 6 |  7- 9 || total
-------------------------+-------+-------+-------++-------
Melee: Dagger            |   100 |   248 |    22 ||   370
       Punch             |     4 |     5 |       ||     9
Throw: Dart              |    15 |    18 |     3 ||    36
       Stone             |       |     2 |       ||     2
  Use: Scroll            |       |     9 |       ||     9
 Stab: Sleeping          |    12 |    18 |     2 ||    32
Armor: Robe              |    12 |    35 |     2 ||    49
Dodge: Dodged            |    64 |   147 |    18 ||   229
